 Dungeon Crawl Stone Soup version 0.30-b1-2-g02819fbbbe (webtiles) character file.

Game seed: 6446975644721179910

5259 snakesoul the Thaumaturge (level 10, -16/77 HPs)
             Began as a Djinni Fire Elementalist on June 12, 2023.
             Was an Initiate of Ashenzari.
             Demolished by an orc warrior
             ... wielding a +2 hand axe of electrocution
              (17 damage)
             ... on level 7 of the Dungeon.
             The game lasted 00:14:59 (5575 turns).

snakesoul the Thaumaturge (DjFE)                    Turns: 5575, Time: 00:14:59

Health: -16/77     AC:  7    Str:  7    XL:     10   Next: 93%
Gold:   360        EV: 11    Int: 20    God:    Ashenzari [......] SH:  0 Dex: 15

rFire   + + +        d - staff of fire
rCold   x . .        (no shield)
rNeg    . . .        p - +0 troll leather armour {Pargi}
rPois   ∞            s - +2 helmet of the Manifest Moon {Melee, Fort} (curse)
rElec   .            (no cloak)
rCorr   .            (no gloves)
SInv    .            (boots unavailable)
Will    +....        t - amulet of regeneration
Stlth   ++           (no ring)
HPRegen 1.92/turn    (no ring)
MPRegen 0.00/turn

%: infuse magic (-17 HP)
@: flying
A: sickness immunity, fire resistance 2, cold vulnerability 1, float, innate
caster, HP casting, extra vitality 1
a: Renounce Religion, Shatter the Chains


You were on level 7 of the Dungeon.
You worshipped Ashenzari.
Ashenzari was noncommittal.
You visited 2 branches of the dungeon, and saw 8 of its levels.
You also visited: Sewer.

You collected 360 gold pieces.

Inventory:

Hand Weapons
 c - a +0 dagger
Armour
 a - a +0 robe
 p - a +0 troll leather armour (worn) {Pargi}
 s - the cursed +2 helmet of the Manifest Moon (worn) {Melee, Fort}
   (You found it on level 3 of the Dungeon)

   It has a curse which improves the following skills: Melee Combat: Short
   Blades, Long Blades, Axes, Maces & Flails, Polearms, Staves and Unarmed
   Combat.
   Fortitude: Armour and Shields.
Magical Staves
 d - a staff of fire (weapon)
Jewellery
 t - an amulet of regeneration (around neck)
Wands
 q - a wand of mindburst (2)
 y - a wand of flame (12)
 A - a wand of digging (8)
Scrolls
 e - 3 scrolls of magic mapping {unknown}
 g - 2 scrolls of enchant weapon {unknown}
 i - 5 scrolls of identify {unknown}
 j - a scroll of poison {unknown}
 k - a scroll of brand weapon {unknown}
 l - 5 scrolls of amnesia {unknown}
 m - 2 scrolls of silence {unknown}
 n - 5 scrolls of immolation {unknown}
 o - 3 scrolls of fear {unknown}
 r - 5 scrolls of teleportation {unknown}
 u - 3 scrolls of fog {unknown}
 B - a scroll of noise {unknown}
Potions
 b - 2 potions of magic {unknown}
 f - 3 potions of heal wounds {unknown}
 h - 2 potions of attraction {unknown}
 v - 4 potions of lignification {unknown}
 w - 2 potions of curing {unknown}
 x - a potion of resistance
 z - a potion of berserk rage {unknown}
 C - a potion of cancellation {unknown}


   Skills:
 + Level 8.5 Fighting
 - Level 2.1 Dodging
 - Level 1.5 Stealth
 * Level 10.3 Spellcasting


You knew the following spells:

 Your Spells              Type           Power      Damage    Failure   Level
a - Foxfire               Conj/Fire      100%       2x1d9     1%          1
b - Scorch                Fire           100%       2d9       1%          2
c - Volatile Blastmotes   Fire/Tloc      100%       2d18      1%          3
d - Inner Flame           Hex/Fire       67%        N/A       1%          3
e - Flame Wave            Conj/Fire      67%        2d15      1%          4
f - Slow                  Hex            100%       N/A       1%          1
g - Momentum Strike       Conj/Tloc      100%       3d10      1%          2
h - Gell's Gravitas       Tloc           51%        N/A       1%          3
i - Mephitic Cloud        Conj/Pois/Air  51%        N/A       1%          3
Your spell library was empty.

Dungeon Overview and Level Annotations

Branches:
Dungeon (7/15)             Temple (1/1) D:5           Sewer (visited)

Altars:
Ashenzari
Cheibriados
Dithmenos
Elyvilon
Fedhas
Gozag
Hepliaklqana
Makhleb
Nemelex Xobeh
Okawaru
Qazlal
Trog
Uskayaw
Zin
The Shining One

Portals:
Bailey: D:7

Annotations:
D:3 2 transporters


Innate Abilities, Weirdness & Mutations

You are immune to sickness and miasma.
You are immune to poison.
Your flesh is very heat resistant. (rF++)
You are vulnerable to cold. (rC-)
You float through the air rather than walking.
You learn spells naturally, not from books.
Your magical power is your life essence.
You have superior vitality. (+4 MHP)


Message History

* * * LOW HITPOINT WARNING * * *
An orc warrior comes into view.
It is wielding a +2 hand axe of electrocution.
Casting: Scorch (safe; 1% risk of failure)
Confirm with . or Enter, or press ? or * to list all spells.
You feel a surge of power!
Flames lash the orc warrior.
The orc warrior is moderately wounded.
The orc warrior's fire resistance burns away.
* * * LOW HITPOINT WARNING * * *
Casting: Scorch (safe; 1% risk of failure)
Confirm with . or Enter, or press ? or * to list all spells.
You feel a surge of power!
Flames lash Joseph.
Joseph is burned terribly!
Joseph is almost dead.
* * * LOW HITPOINT WARNING * * *
Joseph unwields a +2 heavy sling.
Joseph wields a +0 quarterstaff.
Joseph hits you with a +0 quarterstaff!
* * * LOW HITPOINT WARNING * * *
Casting: Scorch (safe; 1% risk of failure)
Confirm with . or Enter, or press ? or * to list all spells.
You feel a surge of power!
Flames lash Joseph.
Joseph is burned terribly!
You kill Joseph!
* * * LOW HITPOINT WARNING * * *
An orc comes into view. It is wielding a +0 club.
Casting: Scorch (safe; 1% risk of failure)
Confirm with . or Enter, or press ? or * to list all spells.
You feel a surge of power!
Flames lash the orc warrior but do no damage.
* * * LOW HITPOINT WARNING * * *
You hear the creaking of a distant portcullis.
The orc warrior barely misses you.
Casting: Scorch (safe; 1% risk of failure)
Confirm with . or Enter, or press ? or * to list all spells.
You feel a surge of power!
Flames lash the orc warrior.
The orc warrior is burned terribly!
The orc warrior is severely wounded.
* * * LOW HITPOINT WARNING * * *
You hear a shout!
The orc warrior hits you with a +2 hand axe of electrocution!
* * * LOW HITPOINT WARNING * * *
You are electrocuted!
You die...

..##.....##########
.#.................#
....#.....########.# .
#......## #.# .. #l#.#.###
#.#
#.###...#...########.##
##.o....##.............###
....#..†###...##.##>##.†..
#......)o@..#.##.##.######
#.#.#######...##.##.#
##.###.##.# #.# #.##.# ..#
#.##.# #####.##^##
##......# #..#.§#.# #
#.......# #


You could see an orc warrior (combustible) and an orc.

Vanquished Creatures
  Pikel (D:6)
  Joseph (D:7)
  Prince Ribbit (D:5)
  12 yaks
  2 water moccasins (D:7)
  2 orc warriors (D:6)
  Pargi (Sewer)
  2 sky beasts
  3 ice beasts
  An ogre (D:6)
  2 centaurs (D:6)
  4 lemures (D:6)
  Blork the orc (D:5)
  A bullfrog (D:7)
  5 scorpions
  6 killer bees
  2 orc priests
  3 hounds
  3 iguanas
  A sleepcap (D:5)
  An orc wizard (D:6)
  7 adders
  5 gnolls
  A white imp (D:4)
  2 worms (D:2)
  2 dart slugs
  10 orcs
  2 ball pythons
  13 endoplasms
  9 giant cockroaches
  8 goblins
  9 hobgoblins
  8 jackals
  3 kobolds
  5 quokkas
  12 bats
  8 frilled lizards
  A goblin skeleton (D:4)
  A goblin zombie (D:4)
  A hobgoblin zombie (D:4)
  2 kobold skeletons (D:4)
  A kobold zombie (D:4)
  An orc skeleton (D:4)
  3 orc zombies (D:4)
  7 rats
176 creatures vanquished.

Vanquished Creatures (collateral kills)
  A wyvern (D:7)
  4 foxfires
5 creatures vanquished.

Vanquished Creatures (others)
  668 foxfires
668 creatures vanquished.

Grand Total: 849 creatures vanquished

Notes
Turn   | Place    | Note
-------+----------+-------------------------------------------
     0 | D:1      | snakesoul the Djinni Fire Elementalist began the quest for
                  | the Orb.
     0 | D:1      | snakesoul set off with the following spells memorised:
                  | Foxfire, Scorch, Volatile Blastmotes, Inner Flame, Flame
                  | Wave.
     0 | D:1      | Reached XP level 1. HP: 15/15 MP: 0/0
    68 | D:1      | Reached XP level 2. HP: 13/21 MP: 0/0
   164 | D:1      | Reached skill level 3 in Spellcasting
   268 | D:1      | Reached XP level 3. HP: 19/25 MP: 0/0
   268 | D:1      | Learned a level 1 spell: Slow
   727 | D:2      | Found a stormy altar of Qazlal.
   772 | D:2      | Reached XP level 4. HP: 23/31 MP: 0/0
  1067 | D:2      | Reached skill level 4 in Spellcasting
  1268 | D:2      | Reached XP level 5. HP: 32/35 MP: 0/0
  1268 | D:2      | Learned a level 2 spell: Momentum Strike
  1855 | D:3      | Found a glowing drain.
  1870 | D:3      | Found a transporter.
  1881 | Sewer    | Entered a sewer
  1932 | Sewer    | Noticed Pargi
  1936 | Sewer    | Killed Pargi
  1937 | Sewer    | Reached skill level 1 in Fighting
  1937 | Sewer    | Reached XP level 6. HP: 23/43 MP: 0/0
  2150 | D:3      | Found a transporter.
  2439 | D:4      | Found a stormy altar of Qazlal.
  2446 | D:4      | Reached skill level 5 in Spellcasting
  2473 | D:4      | Found a shadowy altar of Dithmenos.
  2769 | D:4      | Found a glowing golden altar of the Shining One.
  2773 | D:4      | Reached XP level 7. HP: 49/49 MP: 0/0
  2773 | D:4      | Learned a level 3 spell: Gell's Gravitas
  3006 | D:5      | Entered Level 5 of the Dungeon
  3065 | D:5      | Found a hazy altar of Hepliaklqana.
  3253 | D:5      | Found a staircase to the Ecumenical Temple.
  3253 | D:5      | Noticed Blork the orc
  3258 | D:5      | Killed Blork the orc
  3264 | D:5      | Reached skill level 6 in Spellcasting
  3264 | D:5      | Reached XP level 8. HP: 57/58 MP: 0/0
  3276 | Temple   | Entered the Ecumenical Temple
  3296 | Temple   | Became a worshipper of Ashenzari the Shackled
  3467 | D:5      | Noticed a yak
  3472 | D:5      | Noticed a yak
  3473 | D:5      | Noticed a yak
  3479 | D:5      | Killed a yak
  3489 | D:5      | Killed a yak
  3515 | D:5      | Killed a yak
  3516 | D:5      | Reached skill level 5 in Fighting
  3516 | D:5      | Reached skill level 7 in Spellcasting
  3708 | D:5      | Found a sparkling altar of Nemelex Xobeh.
  3718 | D:5      | Reached XP level 9. HP: 65/65 MP: 0/0
  3718 | D:5      | Learned a level 3 spell: Mephitic Cloud
  3935 | D:5      | Reached skill level 8 in Spellcasting
  3986 | D:5      | Noticed Prince Ribbit
  3993 | D:5      | Killed Prince Ribbit
  4268 | D:6      | Found an iron altar of Okawaru.
  4274 | D:6      | Identified the +2 falchion of the Tooth {holy, rPois rF-
                  | Will++ rCorr}
  4437 | D:6      | Found a hide-covered altar of Uskayaw.
  4499 | D:6      | Noticed Pikel
  4516 | D:6      | Killed Pikel
  4517 | D:6      | Reached skill level 9 in Spellcasting
  4517 | D:6      | Reached XP level 10. HP: 61/75 MP: 0/0
  4879 | D:6      | Found a blossoming altar of Fedhas.
  5419 | D:7      | Found a flagged portal.
  5560 | D:7      | Noticed Joseph
  5561 | D:7      | Reached skill level 10 in Spellcasting
  5573 | D:7      | Killed Joseph
  5575 | D:7      | HP: 1/77 [orc warrior/+2 hand axe of electrocution (11)]
  5575 | D:7      | Demolished by an orc warrior

Illustrated notes

Levels and vault maps discovered:
D:1:      lightli_molten_gateway, layout_rooms, minivault_27
D:2:      layout_loops_ring, basic_altar, hangedman_decor_clover_reticule,
          st_stairs_4, amcnicky_mini_pool_small
D:3:      gammafunk_steamed_eel, layout_rooms, portal_sewer_entry_f,
          minivault_14
D:4:      layout_rooms, mainiacjoe_overflow_catwalk_spiral,
          nicolae_tso_besieged_by_evil
D:5:      layout_loops_cross, nicolae_hepliaklqana_hazy_memory,
          lemuel_coloured_pillars_altar, minmay_temple_entry_wispy,
          minmay_small_thing, uniq_blork_the_orc, uniq_prince_ribbit1
D:6:      layout_layer_cave, marbit_many_paths, okawaru_ov_weapons_minmay,
          nicolae_uskayaw_suspiria, minmay_misc_feat_rows, uniq_pikel
D:7:      layout_loops_ring, enter_bailey_5, minmay_fractal_squares_5,
          uniq_crazy_yiuf_cottage, uniq_joseph
Temple:   nicolae_temple_ecumenical_triangle

Skill      XL: |  1  2  3  4  5  6  7  8  9 10 |
---------------+-------------------------------+-----
Spellcasting   | 3 4 5 6 7 9 10 | 10.3
Fighting       | 1 2 3 5 7 8 |  8.5
Dodging        | |  2.1
Stealth        | |  1.5

Action                     |  1- 3 |  4- 6 |  7- 9 | 10-12 || total
---------------------------+-------+-------+-------+-------++-------
  Melee: Staff             |     2 |     2 |       |       ||     4
   Cast: Foxfire           |    73 |   192 |   131 |    25 ||   421
         Scorch            |     5 |    27 |    48 |    34 ||   114
         Volatile Blastmot |       |       |    13 |    12 ||    25
         Slow              |       |       |     3 |     2 ||     5
         Mephitic Cloud    |       |       |     4 |     5 ||     9
         Gell's Gravitas   |       |       |     4 |     2 ||     6
         Flame Wave        |       |       |       |     2 ||     2
 Invoke: Curse Item        |       |       |       |     1 ||     1
 Armour: Robe              |     1 |     4 |       |       ||     5
         Troll leather arm |       |     3 |     7 |     2 ||    12
  Dodge: Dodged            |     5 |    17 |    13 |     7 ||    42
